 Dungeon Crawl Stone Soup version 0.28-a0-1395-g4f6bc678fa (webtiles) character file.

Game seed: 13958072319673137952

21730 rogsnak the Thaumaturge (level 12, -6/81 HPs)
             Began as a Demonspawn Air Elementalist on Jan 4, 2022.
             Was an Elder of Sif Muna.
             Mangled by an orc warrior (18 damage)
             ... led by an orc knight
             ... on level 1 of the Orcish Mines on Jan 5, 2022.
             The game lasted 00:43:35 (19220 turns).

rogsnak the Thaumaturge (DsAE)                     Turns: 19220, Time: 00:43:35

Health: -6/81      AC: 11    Str:  9    XL:     12   Next: 56%
Magic:  27/27      EV: 13    Int: 25    God:    Sif Muna [****..]
Gold:   1378       SH:  0    Dex: 13    Spells: 26/34 levels left

rFire   . . .      SeeInvis .   i - +9 mace "Mybel" {vorpal, rCorr}
rCold   + . .      Faith    .   (no shield)
rNeg    . . .      Spirit   .   M - +1 troll leather armour
rPois   .          Reflect  .   S - +2 hat {Int+3}
rElec   .          Harm     .   s - +2 cloak
rCorr   +          Rampage  .   (gloves unavailable)
Will    +....                   N - +0 pair of boots
Stlth   ++........              c - amulet of the acrobat
HPRegen 1.03/turn               Q - ring of willpower
MPRegen 0.20/turn               k - ring of protection from cold

@: no status effects
A: ignite blood 1, powered by pain 1, sturdy frame 1, demonic touch 3
a: Renounce Religion, Channel Magic, Forget Spell, Divine Exegesis


You were on level 1 of the Orcish Mines.
You worshipped Sif Muna.
Sif Muna was greatly pleased with you.
You visited 3 branches of the dungeon, and saw 16 of its levels.

You collected 1378 gold pieces.

Inventory:

Hand Weapons
 i - the +9 mace "Mybel" (weapon) {vorpal, rCorr}
   (You found it on level 2 of the Dungeon)

   It inflicts extra damage upon your enemies.
   rCorr:     It protects you from acid and corrosion.
Missiles
 f - 2 atropa-tipped darts
 h - 52 poisoned darts
 q - 4 curare-tipped darts
Armour
 s - a +2 cloak (worn)
 C - a +2 robe of positive energy
 E - a +2 robe of resistance
 M - a +1 troll leather armour (worn)
 N - a +0 pair of boots (worn)
 O - an orb of guile
 S - a +2 hat of intelligence (worn)
Jewellery
 c - an amulet of the acrobat (around neck)
 k - a ring of protection from cold (right hand)
 J - a ring of positive energy
 Q - a ring of willpower (left hand)
 R - a ring of protection from cold
Wands
 o - a wand of flame (9)
 y - a wand of iceblast (2)
 H - a wand of polymorph (6)
Scrolls
 a - 5 scrolls of fog
 d - 5 scrolls of teleportation
 g - 3 scrolls of magic mapping
 j - 3 scrolls of enchant weapon
 m - 2 scrolls of immolation {unknown}
 u - a scroll of holy word {unknown}
 w - a scroll of silence {unknown}
 A - a scroll of blinking {unknown}
 D - a scroll of brand weapon {unknown}
 I - 2 scrolls of amnesia {unknown}
 K - 6 scrolls of identify
 L - 5 scrolls of fear {unknown}
Potions
 e - a potion of flight {unknown}
 n - 2 potions of attraction {unknown}
 r - 3 potions of curing
 t - 2 potions of heal wounds
 v - 3 potions of mutation {unknown}
 x - 2 potions of berserk rage {unknown}
 z - a potion of might {unknown}
 B - a potion of invisibility
 F - 3 potions of lignification {unknown}
 P - a potion of ambrosia {unknown}


   Skills:
 + Level 3.5 Fighting
 - Level 0.2 Short Blades
 + Level 4.6 Dodging
 - Level 2.1 Stealth
 + Level 11.6 Spellcasting
 * Level 11.4 Conjurations
 + Level 11.0 Air Magic
 + Level 0.7 Evocations


You had 26 spell levels left.
You knew the following spells:

 Your Spells              Type           Power      Damage    Failure   Level
a - Shock                 Conj/Air       100%       1d9       1%          1
b - Swiftness             Air            62%        N/A       1%          3
c - Airstrike             Air            31%        N/A       1%          4

Your spell library contained the following spells:

 Spells                   Type           Power      Damage    Failure   Level
 Static Discharge         Conj/Air       63%        N/A       1%          2


Dungeon Overview and Level Annotations

Branches:
Dungeon (13/15)            Temple (1/1) D:4            Lair (0/6) D:9
    Orc (2/2) D:11            Elf (0/3) Orc:2
 Vaults: D:13-14

Altars:
Ashenzari
Cheibriados
Dithmenos
Elyvilon
Fedhas
Gozag
Hepliaklqana
Kikubaaqudgha
Makhleb
Nemelex Xobeh
Okawaru
Qazlal
Ru
Sif Muna
Trog
Uskayaw
Vehumet
Wu Jian
Xom
Yredelemnul
Zin
The Shining One
Beogh

Shops:
D:2 *   D:4 =   D:6 *   D:10 *   D:11 *   Orc:2 *

Annotations:
D:5 3 runed translucent doors, snackwell's ghost, novice DrTm
D:9 1 runed translucent door, Urgle's ghost, journeyman DsBe


Innate Abilities, Weirdness & Mutations

Your demonic aura sometimes causes spilled blood to erupt in flames.
You sometimes gain a little power by taking damage.
Your movements are slightly less encumbered by armour. (ER -2)
Your touch may irresistibly damage your foes and sap their willpower.


Message History

Unknown command.
You sock the warg!
The warg is moderately wounded.
The troll bites you. The troll barely misses you. x2
The orc warrior hits you from afar with a +0 trident!
You focus on the pain.
You feel your power returning.
The warg is engulfed in blazing flames.
The warg bites you but does no damage. The troll bites you but does no damage.
The troll claws you! The troll barely misses you.
The orc warrior closely misses you.
You barely miss the warg. Your touch misses the warg.
The warg is heavily wounded.
The warg is engulfed in blazing flames.
You kill the warg!
Sif Muna accepts your kill. The troll barely misses you. The troll claws you.
The troll barely misses you. The orc warrior completely misses you.
Your Air Magic skill increases to level 11!
Unknown command.
You sock the troll!
The troll is moderately wounded.
The troll bites you but does no damage. The troll claws you.
The troll closely misses you. The orc warrior barely misses you.
The troll bites you! The troll claws you but does no damage.
The troll misses you.
Unknown command.
Unknown command.
Casting: Airstrike (mildly dangerous; 1% risk of failure)
Confirm with . or Enter, or press ? or * to list all spells.
Aiming: Airstrike (mildly dangerous; 1% risk of failure)
Press: ? - help, Dir - move target, f - orc warrior
Aim: an orc warrior, wielding a +0 battleaxe and wearing a +0 chain mail (empty space bonus: 6/8)
Okay, then.
As you read the scroll labelled IHAYCYWUDGH, it crumbles to dust.
It is a scroll of enchant armour.
Your +0 troll leather armour glows green for a moment.
The orc warrior hits you from afar with a +0 trident!
* * * LOW HITPOINT WARNING * * *
You focus on the pain.
You feel your power returning.
The orc warrior hits you with a +0 battleaxe!!
You die...

### ##.##
##...##
#.....#
###.....##
#..@o....#
##☼.°T..##
#.#..o†..##
#.##.....##
...##.....##
...#......#
#...###..#
...#).#...#
..$##...###


You could see a troll and 2 orc warriors.

Vanquished Creatures
  Gastronok (Orc:1)
  An orc warlord (Orc:2)
  Erica (D:9)
  4 two-headed ogres
  An orc high priest (Orc:1)
  Pikel (D:5)
  A deep elf pyromancer (D:8)
  2 orc knights
  2 cyclopes
  4 orc sorcerers
  A manticore (D:11)
  2 unseen horrors
  5 trolls
  3 meliai (D:11)
  The ghost of gimp the Cutter, an amateur DjWn (D:4)
  6 slime creatures (D:12)
  A hornet (D:9)
  A shadow (D:11)
  2 wraiths
  14 yaks
  2 basilisks (D:9)
  3 wyverns
  A warg (Orc:1)
  2 water moccasins
  An ice beast (D:6)
  10 orc warriors
  A sky beast (D:5)
  2 necrophages
  4 centaurs
  5 ogres
  A phantom (D:4)
  Blork the orc (D:6)
  3 kobold brigands
  2 scorpions
  2 bullfrogs
  8 killer bees
  13 wights
  A howler monkey (D:4)
  A centaur zombie (D:10)
  4 jellies
  A hound (D:5)
  A bullfrog skeleton (D:4)
  A gnoll shaman (D:5)
  11 orc priests
  Crazy Yiuf (D:4)
  3 iguanas
  Ijyb (D:4)
  13 orc wizards
  A killer bee zombie (D:7)
  A hound skeleton (D:4)
  A howler monkey skeleton (D:7)
  4 adders
  3 gnolls (D:5)
  A howler monkey zombie (D:8)
  2 shadow imps
  2 worms (D:3)
  7 dart slugs
  57 orcs
  5 ball pythons
  7 bats
  An endoplasm (D:3)
  A giant cockroach (D:3)
  4 goblins
  5 hobgoblins
  14 jackals
  24 kobolds
  3 quokkas
  6 frilled lizards
  6 rats
308 creatures vanquished.

Vanquished Creatures (others)
  A fungus (D:9)
  A plant (D:9)
2 creatures vanquished.

Grand Total: 310 creatures vanquished

Notes
Turn   | Place    | Note
-------+----------+-------------------------------------------
     0 | D:1      | rogsnak the Demonspawn Air Elementalist began the quest for
                  | the Orb.
     0 | D:1      | Reached XP level 1. HP: 13/13 MP: 3/3
   308 | D:1      | Gained mutation: Your touch may inflict minor irresistible
                  | damage on your foes. [demonic ancestry]
   308 | D:1      | Reached XP level 2. HP: 19/19 MP: 3/5
   895 | D:1      | Upgraded the game from 0.28-a0-1389-gc726bef33b to
                  | 0.28-a0-1395-g4f6bc678fa
  1099 | D:1      | Gained mutation: Your movements are slightly less
                  | encumbered by armour. (ER -2) [demonic ancestry]
  1099 | D:1      | Reached XP level 3. HP: 24/24 MP: 2/6
  1525 | D:2      | Found a stormy altar of Qazlal.
  1696 | D:2      | Found Fuxil's General Store.
  1901 | D:2      | Identified the +9 mace "Mybel" {vorpal, rCorr}
  1930 | D:2      | Found a faded altar of an unknown god.
  2673 | D:3      | Gained mutation: You sometimes gain a little power by
                  | taking damage. [demonic ancestry]
  2673 | D:3      | Reached XP level 4. HP: 27/30 MP: 1/8
  2886 | D:3      | Learned a level 3 spell: Swiftness
  2891 | D:3      | Learned a level 4 spell: Airstrike
  2968 | D:3      | Found a blossoming altar of Fedhas.
  3032 | D:3      | Found a snail-covered altar of Cheibriados.
  3531 | D:3      | Found an opulent altar of Gozag.
  3538 | D:3      | Found a sparkling altar of Nemelex Xobeh.
  3904 | D:4      | Noticed a necrophage
  3913 | D:4      | Killed a necrophage
  3914 | D:4      | Reached XP level 5. HP: 31/36 MP: 3/10
  3996 | D:4      | Noticed a phantom
  4036 | D:4      | Killed a phantom
  4037 | D:4      | Reached XP level 6. HP: 6/42 MP: 8/11
  4343 | D:4      | Noticed Ijyb
  4432 | D:4      | Killed Ijyb
  4539 | D:4      | Reached skill level 1 in Fighting
  4565 | D:4      | Found a runed translucent door.
  4565 | D:4      | Noticed gimp's ghost (amateur DjWn)
  4770 | D:4      | Found Doiklem's One-of-a-Kind Rings.
  4962 | D:4      | Found a runed translucent door.
  4963 | D:4      | Noticed Crazy Yiuf
  4987 | D:4      | Killed Crazy Yiuf
  4988 | D:4      | Reached XP level 7. HP: 33/48 MP: 6/13
  5218 | D:4      | Found a staircase to the Ecumenical Temple.
  5229 | Temple   | Entered the Ecumenical Temple
  5234 | Temple   | Became a worshipper of Sif Muna the Loreminder
  5473 | D:4      | Killed gimp's ghost
  5474 | D:4      | Reached skill level 5 in Conjurations
  5577 | D:5      | Entered Level 5 of the Dungeon
  6012 | D:5      | Gained mutation: Your touch may inflict irresistible damage
                  | on your foes. [demonic ancestry]
  6012 | D:5      | Reached XP level 8. HP: 45/54 MP: 6/15
  6193 | D:5      | Reached skill level 5 in Air Magic
  6273 | D:5      | Noticed Pikel
  6307 | D:5      | Killed Pikel
  6308 | D:5      | Reached skill level 5 in Spellcasting
  6458 | D:5      | Found a runed translucent gate.
  6459 | D:5      | Found a runed translucent gate.
  6460 | D:5      | Found a runed translucent gate.
  6462 | D:5      | Noticed snackwell's ghost (novice DrTm)
  6797 | D:6      | Noticed Blork the orc
  6813 | D:6      | Killed Blork the orc
  7276 | D:6      | Reached XP level 9. HP: 49/61 MP: 11/18
  7497 | D:6      | Found Toenur's Assorted Antiques.
  7787 | D:7      | Found a stormy altar of Qazlal.
  7971 | D:7      | Reached * piety under Sif Muna
  8115 | D:7      | Found a shadowy altar of Dithmenos.
  8770 | D:8      | Noticed a deep elf pyromancer
  9189 | D:8      | Killed a deep elf pyromancer
  9579 | D:8      | Reached XP level 10. HP: 67/67 MP: 8/21
  9866 | D:9      | Noticed Erica
  9884 | D:9      | Killed Erica
 10379 | D:9      | Paralysed by a hornet for 2 turns
 10653 | D:9      | Found a runed translucent door.
 10654 | D:9      | Found a shimmering altar of Xom.
 10654 | D:9      | Noticed Urgle's ghost (journeyman DsBe)
 10654 | D:9      | Noticed a +3 flail of chaos
 11094 | D:9      | Noticed a death yak
 11223 | D:9      | Reached ** piety under Sif Muna
 11247 | D:9      | Noticed an elephant
 11510 | D:9      | Found a staircase to the Lair.
 11626 | D:10     | Entered Level 10 of the Dungeon
 11723 | D:10     | Reached skill level 10 in Conjurations
 12188 | D:10     | Gained mutation: Your demonic aura sometimes causes spilled
                  | blood to erupt in flames. [demonic ancestry]
 12188 | D:10     | Reached XP level 11. HP: 56/75 MP: 16/24
 12484 | D:10     | Found Zin's Purification Station.
 12545 | D:10     | Noticed a two-headed ogre
 12550 | D:10     | Killed a two-headed ogre
 12980 | D:10     | Found a broken altar of Ashenzari.
 12984 | D:10     | Found a sacrificial altar of Ru.
 12987 | D:10     | Found a burning altar of Makhleb.
 13534 | D:11     | Found Nyiclo's Profane Products.
 13815 | D:11     | Noticed a two-headed ogre
 14622 | D:11     | Reached *** piety under Sif Muna
 14742 | D:11     | Found a staircase to the Orcish Mines.
 14801 | D:11     | Killed a two-headed ogre
 15230 | D:11     | Reached skill level 10 in Spellcasting
 15503 | D:12     | Noticed a boulder beetle
 15529 | D:12     | Noticed a two-headed ogre
 15539 | D:12     | Killed a two-headed ogre
 15662 | D:12     | Noticed a two-headed ogre
 15667 | D:12     | Killed a two-headed ogre
 16476 | D:12     | Reached skill level 10 in Air Magic
 17001 | D:13     | Noticed a cyan ugly thing
 17084 | Orc:1    | Entered Level 1 of the Orcish Mines
 17160 | Orc:1    | Gained mutation: Your touch may irresistibly damage your
                  | foes and sap their willpower. [demonic ancestry]
 17160 | Orc:1    | Reached XP level 12. HP: 81/81 MP: 20/26
 17228 | Orc:1    | Noticed Gastronok
 17582 | Orc:1    | Killed Gastronok
 17860 | Orc:2    | Entered Level 2 of the Orcish Mines
 17923 | Orc:1    | Noticed an orc high priest
 17929 | Orc:1    | Killed an orc high priest
 18323 | Orc:2    | Found Koheocza's Assorted Antiques.
 18555 | Orc:2    | Reached **** piety under Sif Muna
 18564 | Orc:2    | Noticed an orc warlord
 18659 | Orc:1    | You fall into a shaft and drop 1 floor!
 18752 | Orc:2    | Found a staircase to the Elven Halls.
 19072 | Orc:2    | Killed an orc warlord
 19220 | Orc:1    | Mangled by an orc warrior

Illustrated notes

Levels and vault maps discovered:
D:1:      shiori_angband_town, layout_loops_cross, minmay_misc_feat_nine_boxes,
          serial_bayou_pond_e
D:2:      layout_basic, serial_shops, nicolae_shop_trees, basic_altar,
          hellmonk_ecumenical_altar_crossroads,
          wander_ebering_terrifying_dragon_lair
D:3:      layout_loops_ring, grunt_temple_overflow_opulence, lemuel_tele_altar,
          marbit_many_paths
D:4:      layout_loops_cross, mainiacjoe_overflow_24_doors,
          minmay_temple_entry_proselytizer, hellmonk_ghost_happy_afterlife,
          nicolae_shop_unique_rings, minmay_surrounded, uniq_ijyb,
          uniq_crazy_yiuf_cottage
D:5:      layout_basic, ebering_ghost_rock_garden, uniq_pikel
D:6:      layout_basic, serial_shops, nicolae_shop_statue_plus,
          uniq_blork_the_orc
D:7:      layout_loops_ring, kennysheep_mini_moat, mainiacjoe_overflow_catwalk
D:8:      layout_loops_cross, nrook_mini_vaults
D:9:      layout_roguey, david_lair_generic, ebering_ghost_xom, uniq_erica
D:10:     layout_grid_maze, zin_purify, grunt_temple_overflow_diamond,
          amcnicky_mini_pool_small, grunt_decor_resistance
D:11:     layout_layer_cave, hiddenorc1_lemuel, nicolae_evil_shop
D:12:     layout_basic, tso_metal_star
D:13:     layout_rooms, skrybe_vaults_entry_preservation, special_room
          [special_room_orc]
Temple:   minmay_freezing_vapour_temple
Orc:1:    layout_diamond_mine, uniq_gastronok
Orc:2:    st_orc_congregation, layout_caves, serial_shops, nicolae_square_shop,
          basic_altar

Skill      XL: |  1  2  3  4  5  6  7  8  9 10 11 12 |
---------------+-------------------------------------+-----
Air Magic      | 3 4 6 7 8 10 11 | 11.0
Dodging        | 2 3 4 |  4.6
Stealth        | 2 |  2.1
Spellcasting   | 3 4 6 7 9 10 11 | 11.6
Conjurations   | 2 3 4 5 7 9 10 11 | 11.4
Fighting       | 1 2 3 |  3.5
Short Blades   | |  0.2
Evocations     | |  0.7

Action                   |  1- 3 |  4- 6 |  7- 9 | 10-12 || total
-------------------------+-------+-------+-------+-------++-------
Melee: Unarmed           |     7 |       |       |       ||     7
       Short sword       |    28 |       |       |       ||    28
       Touch             |     3 |     6 |     9 |    22 ||    40
       Mace              |     1 |    37 |    60 |   151 ||   249
 Cast: Shock             |    77 |    99 |   187 |   230 ||   593
       Airstrike         |       |       |    15 |   169 ||   184
       Swiftness         |       |       |       |     2 ||     2
Evoke: Wand              |       |       |       |    10 ||    10
  Use: Potion            |       |       |       |     3 ||     3
       Scroll            |       |       |       |     9 ||     9
 Stab: Sleeping          |       |       |     1 |     1 ||     2
Armor: Robe              |     7 |       |     7 |    56 ||    70
       Leather armour    |       |     8 |    11 |       ||    19
       Troll leather arm |       |       |       |    63 ||    63
Dodge: Dodged            |    30 |    31 |    62 |   303 ||   426

Table legend: (Time is in decaauts)
 A = Elapsed time spent in this place.
 B = Non-inter-level travel time spent in this place.
 C = Inter-level travel time spent in this place.
 D = Time resting spent in this place.
 E = Time spent auto-exploring this place.
 F = Levels seen in this place.
 G = Mean time per level.
                   A        B        C        D        E       F      G
               +--------+--------+--------+--------+--------+-----+--------+
         Total |  19384 |  18974 |    410 |   4367 |  10383 |  16 | 1211.5 |
       Dungeon |  17425 |  17050 |    375 |   3463 |   9935 |  13 | 1340.4 |
        Temple |     10 |     10 |      0 |      0 |      0 |   1 |   10.0 |
  Orcish Mines |   1947 |   1912 |     35 |    904 |    448 |   2 |  973.5 |
               +--------+--------+--------+--------+--------+-----+--------+

Top non-repeatable levels by time:
    D:11: 2289 daAuts
    D:10: 1751 daAuts
     D:8: 1707 daAuts
    D:12: 1693 daAuts
     D:4: 1610 daAuts
     D:3: 1469 daAuts
     D:9: 1447 daAuts
     D:1: 1373 daAuts
   Orc:1: 1253 daAuts
     D:5: 1228 daAuts
     D:2: 1131 daAuts
     D:6: 891 daAuts
     D:7: 829 daAuts
   Orc:2: 694 daAuts
  Temple: 10 daAuts
